AoeStats
← Rasmuth

Lombardia

508785896Analyzed
4v4 RM · 8d ago on Sep 24, 2026· 56m 53s· 8 players
Game mode
Random Map
Map size
Large (8 player)
Population
200
Speed
Normal
Resources
Standard
Victory
Conquest
Starting age
Dark Age
Ending age
Imperial Age
RankedLock teamsTeams togetherTeam positionsShared explorationLock speedFull tech treeHidden civsTurbo modeCheats
Victory
Defeat
🇵🇪 Cumans · Peru
1370
+11
🇨🇴 Varangians · Colombia
1335
+12
🇨🇴 Wei · Colombia
1204
+18
🇲🇽 Mapuche · Mexico
1195
+18
🇺🇸 Persians · United States
1367
-20
🇺🇸 Maya · United States
1285
-16
🇨🇦 Franks · Canada
1179
-20
🇺🇸 Huns · United States
1163
-11
lime
10:21 Feudal Age
8:38 Loom
13:12 Double-Bit Axe
15:31 Castle Age
13:34 Gold Mining
13:29 Horse Collar
15:35 Wheelbarrow
21:34 Bow Saw
22:47 Hand Cart
23:57 Forging
23:52 Scale Barding Armor
23:40 Town Watch
25:13 Bloodlines
25:03 Husbandry
25:05 Gold Mining
27:10 Gold Shaft Mining
26:43 Heavy Plow
27:43 Masonry
31:46 Imperial Age
30:09 Scale Barding Armor
30:39 Iron Casting
31:03 Town Patrol
31:32 Chain Barding Armor
31:48 Heavy Camel Rider
33:45 Plate Barding Armor
34:36 Blast Furnace
34:05 Cavalier
37:09 Two-Man Saw
36:26 Fletching
35:59 Savar
37:33 Bodkin Arrow
38:21 Conscription
38:47 Caravan
50:01 Architecture
49:53 Ballistics
50:34 Chemistry
52:38 Light Cavalry
phantomphoenix
0:33 Loom
11:26 Feudal Age
15:43 Castle Age
14:02 Double-Bit Axe
15:06 Fletching
18:36 Horse Collar
21:28 Ballistics
20:32 Crossbowman
22:49 Bodkin Arrow
28:02 Wheelbarrow
30:28 Thumb Ring
33:05 Fortified Wall
33:16 Bow Saw
34:30 Heavy Plow
34:55 Hand Cart
34:37 Gold Mining
35:37 Town Watch
40:59 Imperial Age
40:32 Pikeman
41:33 Arbalester
43:39 Padded Archer Armor
43:34 Eagle Warrior
47:28 Halberdier
52:25 Squires
Roy
12:01 Feudal Age
13:43 Double-Bit Axe
16:37 Gold Mining
20:57 Castle Age
20:11 Scale Barding Armor
20:24 Forging
21:12 Loom
22:36 Chain Barding Armor
23:09 Bow Saw
26:23 Gold Shaft Mining
26:59 Iron Casting
28:29 Wheelbarrow
29:03 Stone Mining
30:36 Husbandry
31:30 Town Watch
35:05 Hand Cart
42:03 Imperial Age
40:15 Town Patrol
42:58 Cavalier
44:36 Plate Barding Armor
45:02 Blast Furnace
46:21 Paladin
54:11 Caravan
Rasmuth
5:23 Loom
11:09 Feudal Age
12:18 Horse Collar
19:07 Forging
23:20 Castle Age
24:24 Light Cavalry
25:09 Double-Bit Axe
25:27 Heavy Plow
26:27 Iron Casting
28:15 Bloodlines
28:32 Bow Saw
30:38 Scale Barding Armor
31:06 Fletching
34:26 Husbandry
36:30 Bodkin Arrow
37:22 Wheelbarrow
38:06 Ballistics
38:18 Padded Archer Armor
41:46 Imperial Age
39:37 Hand Cart
40:52 Pikeman
41:26 Town Watch
41:53 Cavalier
43:21 Caravan
44:16 Gold Mining
45:44 Conscription
47:10 Parthian Tactics
48:47 Hussar
52:05 Two-Man Saw
51:13 Paladin
56:58 Leather Archer Armor
57:04 Chain Barding Armor
Mancaldito
8:40 Loom
10:50 Feudal Age
15:09 Castle Age
14:39 Double-Bit Axe
15:59 Fletching
16:16 Horse Collar
19:03 Bow Saw
20:01 Wheelbarrow
19:36 Bodkin Arrow
25:06 Heavy Plow
25:30 Gold Mining
27:53 Bloodlines
27:44 Husbandry
29:48 Hand Cart
30:25 Scale Barding Armor
30:31 Forging
31:58 Chain Barding Armor
35:02 Imperial Age
34:22 Iron Casting
35:21 Town Watch
35:31 Cavalier
36:08 Stone Mining
37:16 Plate Barding Armor
39:21 Blast Furnace
39:44 Two-Man Saw
46:00 Conscription
45:05 Vendel Legacy
45:29 Light Cavalry
47:21 Bracer
51:58 Murder Holes
52:16 Masonry
53:25 Padded Archer Armor
53:26 Scale Mail Armor
54:26 Hussar
55:40 Treadmill Crane
56:31 Architecture
57:02 Chemistry
56:36 Chain Mail Armor
56:05 Pikeman
56:46 Squires
57:51 Plate Mail Armor
57:10 Arson
[GDL]Cemento
10:40 Loom
12:26 Feudal Age
19:30 Castle Age
20:15 Fletching
20:26 Padded Archer Armor
20:37 Double-Bit Axe
20:33 Horse Collar
27:04 Bodkin Arrow
30:52 Bow Saw
30:53 Heavy Plow
33:08 Leather Archer Armor
33:43 Wheelbarrow
32:54 Town Watch
34:50 Ballistics
45:19 Malon
49:02 Imperial Age
46:49 Hand Cart
49:30 Town Patrol
50:09 Conscription
51:20 Butalmapu
51:55 Elite Bolas Rider
54:07 Ring Archer Armor
56:25 Crop Rotation
55:46 Gold Mining
55:47 Stone Mining
BLACK_ROGER
4:44 Loom
9:41 Feudal Age
10:07 Double-Bit Axe
18:28 Castle Age
19:13 Bloodlines
21:46 Fletching
22:41 Husbandry
25:33 Bodkin Arrow
25:39 Padded Archer Armor
26:53 Horse Collar
29:30 Bow Saw
32:25 Wheelbarrow
38:26 Imperial Age
38:11 Ballistics
37:55 Heavy Plow
37:53 Gold Mining
38:15 Town Watch
39:38 Ming Guang Armor
40:31 Chemistry
39:34 Bracer
39:51 Leather Archer Armor
40:21 Hand Cart
41:39 Parthian Tactics
44:28 Ring Archer Armor
45:19 Tuntian
47:45 Thumb Ring
49:16 Conscription
53:15 Caravan
53:04 Elite Skirmisher
V1per
10:06 Feudal Age
10:43 Double-Bit Axe
10:38 Horse Collar
20:06 Castle Age
19:36 Wheelbarrow
21:21 Bow Saw
22:09 Heavy Plow
27:33 Imperial Age
24:51 Loom
25:16 Town Watch
25:45 Gold Mining
26:33 Forging
27:04 Scale Barding Armor
27:28 Bloodlines
30:01 Iron Casting
28:51 Cavalier
30:44 Chain Barding Armor
32:42 Blast Furnace
32:28 Hand Cart
33:54 Two-Man Saw
32:45 Stone Mining
33:31 Gold Shaft Mining
34:06 Plate Barding Armor
33:44 Paladin
35:17 Masonry
36:46 Light Cavalry
38:22 Ballistics
38:35 Conscription
38:29 Hussar
39:32 Steppe Husbandry
41:33 Fletching
42:46 Chemistry
41:49 Squires
43:04 Bodkin Arrow
44:51 Murder Holes
46:42 Pikeman
47:24 Scale Mail Armor
47:58 Halberdier
49:26 Hoardings
49:02 Cuman Mercenaries
54:58 Crop Rotation
Connection lost

Rejoining the realm…

Still unreachable

The connection could not be restored.

Session expired

The server has moved on; the page needs a fresh start.